 Dungeon Crawl Stone Soup version 0.28-a0-1190-g77e1c55843 (webtiles) character file.

Game seed: 6118839256657372033

246818 Htamos the Wrestler (level 19, -1/229 HPs)
             Began as a Troll Monk on Dec 18, 2021.
             Was the Champion of Okawaru.
             Shot with an arrow by a centaur warrior (9 damage)
             ... on level 2 of the Vaults.
             The game lasted 01:29:18 (33635 turns).

Htamos the Wrestler (Troll Monk)                   Turns: 33635, Time: 01:29:19

Health: -1/229     AC: 15    Str: 40    XL:     19   Next: 21%
Magic:  0/19       EV:  9    Int:  9    God:    Okawaru [******]
Gold:   3127       SH:  0    Dex: 24    Spells: 16/18 levels left

rFire   + . .      SeeInvis .     - Unarmed
rCold   + . .      Faith    .   i - +0 kite shield of Focus {Str+4 Dex+2}
rNeg    . . .      Spirit   +   J - +0 storm dragon scales
rPois   +          Reflect  .   V - +0 hat
rElec   +          Harm     .   e - scarf {rC+ rF+}
rCorr   .          Rampage  .   (gloves unavailable)
Will    +....                   (boots unavailable)
Stlth   ..........              G - amulet of guardian spirit
HPRegen 1.28/turn               x - ring of Yganoap {Str+6 Int+3}
MPRegen 0.16/turn               K - ring of Rutelou {rPois Str+6 Dex+4 Slay+3}

@: confused, mighty, about to teleport, ambrosia-drunk
A: large, unfitting armour, claws 3, regeneration 1, shaggy fur 1, tough skin 1,
poison resistance, robust 1
}: 1/15 runes: gossamer
a: Renounce Religion, Heroism, Finesse, Duel


You were on level 2 of the Vaults.
You worshipped Okawaru.
Okawaru was exalted by your worship.
You visited 6 branches of the dungeon, and saw 30 of its levels.
You also visited: Ice Cave and Volcano.

You collected 3727 gold pieces.
You spent 600 gold pieces at shops.

Inventory:

Hand Weapons
 a - a +1 long sword of flaming
 o - the +7 short sword "Haloca" {freeze, *Rage Str+4 Int+4}
   (You found it on level 4 of the Dungeon)

   It freezes those it strikes, dealing additional cold damage.
   It can also slow down cold-blooded creatures.
   Str:       It affects your strength (+4).
   Int:       It affects your intelligence (+4).
   *Rage:     It berserks you when you make melee attacks (+20% chance).
 Y - the +3 hand crossbow of Corporal Punishment {penet, rPois rF- Dex+6}
   (You found it on level 6 of the Lair of Beasts)

   Any ammunition fired by it passes through the targets it hits, potentially
   hitting all targets in its path until it reaches maximum range.
   Dex:       It affects your dexterity (+6).
   rF:        It makes you vulnerable to fire.
   rPois:     It protects you from poison.
Missiles
 f - 139 poisoned darts (quivered)
 D - 5 curare-tipped darts
Armour
 e - a scarf of resistance (worn)
 i - the +0 kite shield of Focus (worn) {Str+4 Dex+2}
   (Okawaru gifted it to you on level 14 of the Dungeon)

   Str:       It affects your strength (+4).
   Dex:       It affects your dexterity (+2).
 l - a +1 cloak of cold resistance
 z - +2 swamp dragon scales
 J - +0 storm dragon scales (worn)
 L - +0 shadow dragon scales
 V - a +0 hat (worn)
 X - the +1 troll leather armour of Snakes and Ladders {rF+ Regen+}
   (You bought it in a shop on level 2 of the Orcish Mines)

   rF:        It protects you from fire.
   Regen:     It increases your rate of health regeneration.
 Z - +0 acid dragon scales
Jewellery
 x - the ring of Yganoap (left claw) {Str+6 Int+3}
   (You found it on level 6 of the Dungeon)

   [ring of strength]

   Str:       It affects your strength (+6).
   Int:       It affects your intelligence (+3).
 A - a ring of positive energy
 C - a ring of protection from cold
 G - an amulet of guardian spirit (around neck)
 K - the ring of Rutelou (right claw) {rPois Str+6 Dex+4 Slay+3}
   (You found it on level 5 of the Lair of Beasts)

   [ring of strength]

   Str:       It affects your strength (+6).
   Dex:       It affects your dexterity (+4).
   Slay:      It affects your accuracy & damage with ranged weapons and melee
   (+3).
   rPois:     It protects you from poison.
 M - a ring of protection from fire
 Q - a ring of protection from cold
 T - an amulet of magic regeneration
Wands
 k - a wand of iceblast (15)
 y - a wand of acid (4)
 B - a wand of flame (32)
 I - a wand of paralysis (2)
 S - a wand of mindburst (12)
Scrolls
 c - 6 scrolls of noise
 g - 3 scrolls of enchant armour
 h - 10 scrolls of teleportation
 n - 6 scrolls of fog
 p - 5 scrolls of vulnerability
 q - 2 scrolls of identify {@rr}
 r - 3 scrolls of silence
 s - a scroll of magic mapping
 u - 6 scrolls of immolation
 v - 7 scrolls of amnesia
 N - 2 scrolls of brand weapon
 R - 2 scrolls of holy word
 U - 4 scrolls of fear
Potions
 b - 2 potions of flight
 d - 3 potions of resistance
 t - 3 potions of mutation
 w - 2 potions of lignification
 E - 2 potions of curing {@qc}
 F - 2 potions of magic
 H - 7 potions of ambrosia
 O - 2 potions of brilliance
 W - 2 potions of haste
Miscellaneous
 m - a condenser vane


   Skills:
 + Level 17.4 Fighting
 * Level 8.1 Armour
 - Level 2.4 Dodging
 - Level 1.0 Stealth
 * Level 12.1 Shields
 - Level 22.8 Unarmed Combat
 - Level 2.4 Invocations


You had 16 spell levels left.
You knew the following spells:

 Your Spells              Type           Power      Damage    Failure   Level
a - Passwall              Tmut/Erth      0%         N/A       88%         2

Your spell library contained the following spells:

 Spells                   Type           Power      Damage    Failure   Level
 Foxfire                  Conj/Fire      0%         2x1d4     77%         1
 Pain                     Necr           0%         1d4       77%         1
 Slow                     Hex            0%         N/A       77%         1
 Blink                    Tloc           0%         N/A       88%         2
 Corpse Rot               Necr/Air       0%         N/A       88%         2
 Confusing Touch          Hex            0%         N/A       98%         3
 Conjure Flame            Conj/Fire      0%         6-21      98%         3
 Ignite Poison            Fire/Tmut/Pois 0%         N/A       98%         3
 Inner Flame              Hex/Fire       0%         N/A       98%         3
 Ozocubu's Armour         Ice            0%         N/A       98%         3
 Portal Projectile        Hex/Tloc       0%         N/A       98%         3
 Stone Arrow              Conj/Erth      0%         3d7       98%         3
 Swiftness                Air            0%         N/A       98%         3
 Dispel Undead            Necr           0%         3d6       100%        4
 Flame Wave               Conj/Fire      0%         2d4       100%        4
 Leda's Liquefaction      Hex/Erth       0%         N/A       100%        4
 Olgreb's Toxic Radiance  Pois           0%         N/A       100%        4
 Passage of Golubria      Tloc           0%         N/A       100%        4
 Petrify                  Tmut/Erth      0%         N/A       100%        4
 Sticky Flame             Conj/Fire      0%         2d3       100%        4
 Agony                    Necr           0%         N/A       100%        5
 Blade Hands              Tmut           0%         N/A       100%        5
 Excruciating Wounds      Necr           0%         N/A       100%        5
 Fireball                 Conj/Fire      0%         3d3       100%        5
 Iskenderun's Battlesphe  Conj           0%         2d6       100%        5
 Lee's Rapid Deconstruct  Erth           0%         3d5*      100%        5
 Manifold Assault         Tloc           0%         N/A       100%        5
 Metabolic Englaciation   Hex/Ice        0%         N/A       100%        5
 Yara's Violent Unravell  Hex/Tmut       0%         3d3       100%        5
 Conjure Ball Lightning   Conj/Air       0%         3x3d6     100%        6
 Dispersal                Tloc           0%         N/A       100%        6
 Statue Form              Tmut/Erth      0%         N/A       100%        6
 Orb of Destruction       Conj           0%         N/A       100%        7
 Ozocubu's Refrigeration  Ice            0%         4d5       100%        7
 Storm Form               Tmut/Air       0%         N/A       100%        7
 Disjunction              Tloc           0%         N/A       100%        8
 Ignition                 Fire           0%         3d3       100%        8
 Chain Lightning          Conj/Air       0%         N/A       100%        9
 Fire Storm               Conj/Fire      0%         5d1       100%        9
 Shatter                  Erth           0%         3d5*      100%        9
 Tukima's Dance           Hex            Unusable   N/A       N/A         3
 Animate Armour           Summ/Erth      Unusable   N/A       N/A         4
 Death Channel            Necr           Unusable   N/A       N/A         6
 Simulacrum               Ice/Necr       Unusable   N/A       N/A         6

Dungeon Overview and Level Annotations

Branches:
Dungeon (15/15)            Temple (1/1) D:7            Lair (6/6) D:10
  Swamp (0/4) Lair:2       Spider (4/4) Lair:2        Slime (0/5) Lair:6
    Orc (2/2) D:12            Elf (0/3) Orc:2        Vaults (2/5) D:14
 Depths (0/4) D:15          IceCv (visited)         Volcano (visited)
  Crypt: Vaults:2-3

Altars:
Ashenzari
Cheibriados
Dithmenos
Elyvilon
Fedhas
Gozag
Hepliaklqana
Kikubaaqudgha
Makhleb
Nemelex Xobeh
Okawaru
Qazlal
Ru
Sif Muna
Trog
Uskayaw
Vehumet
Wu Jian
Xom
Yredelemnul
Zin
The Shining One
Beogh
Jiyva

Shops:
D:13 ?   Orc:2 ([![

Portals:
Trove: D:10 (give +4 storm dragon scales)

Annotations:
D:2 1 runed translucent door, Crazy Yiuf
D:10 2 transporters
Lair:5 2 transporters, Vuiwum's ghost, journeyman TeSu
Spider:2 exclusion: downstairs
Spider:3 2 transporters, Dilecao's ghost, adept GrCj
Vaults:2 2 transporters, Beasu's ghost, veteran KoDe


Innate Abilities, Weirdness & Mutations

You are too large for most types of armour.
You have claws for hands.
Your natural rate of healing is unusually fast.
You are covered in fur. (AC +1)
You have tough skin. (AC +1)
Your system is resistant to poisons. (rPois)
You are robust. (+10% HP)


Message History

A centaur warrior is nearby!
The centaur warrior shoots an arrow.
The arrow hits you.
* * * LOW HITPOINT WARNING * * *
The centaur warrior shoots an arrow.
The arrow hits you!
* * * LOW HITPOINT WARNING * * *
The centaur warrior wields a +0 shortbow.
The centaur warrior shoots an arrow.
The arrow hits you!!
* * * LOW HITPOINT WARNING * * *
The centaur warrior shoots an arrow.
You block the arrow.
The centaur warrior shoots an arrow.
The arrow barely misses you.
The centaur warrior shouts!
You hear a shout!
The centaur warrior shoots an arrow.
The arrow hits you!!
* * * LOW HITPOINT WARNING * * *
The centaur warrior shoots an arrow.
The arrow hits you!!
* * * LOW MAGIC WARNING * * *;
* * * LOW HITPOINT WARNING * * *
The centaur warrior shoots an arrow.
You block the arrow.
The centaur warrior wields a +2 longbow of freezing.
It is covered in frost.
The centaur warrior shoots an arrow.
You block the arrow.
As you read the scroll of teleportation, it crumbles to dust.
You feel strangely unstable.
The centaur warrior shoots an arrow.
The arrow hits you.
* * * LOW MAGIC WARNING * * *;
* * * LOW HITPOINT WARNING * * *
The centaur warrior shoots an arrow.
The arrow hits you!
* * * LOW MAGIC WARNING * * *;
* * * LOW HITPOINT WARNING * * *
The centaur warrior shoots an arrow.
The arrow hits you!
* * * LOW HITPOINT WARNING * * *
The arrow freezes you.
* * * LOW HITPOINT WARNING * * *
The centaur warrior wields a +0 shortbow.
The centaur warrior shoots an arrow.
The arrow hits you!
* * * LOW MAGIC WARNING * * *;
* * * LOW HITPOINT WARNING * * *
The centaur warrior shoots an arrow.
The arrow barely misses you.
Unknown command.
You are confused.
You feel invigorated.
The centaur warrior shoots an arrow.
The arrow completely misses you.
The centaur warrior shoots an arrow.
The arrow hits you!
* * * LOW MAGIC WARNING * * *
You die...

#....#
###'#############################
#................................
#................................
#................................
#..................).............
#................................
#....................c...........
#...............@....cc......^...
#.....................c......).##
#.....................c........#
'..............................##
#.......###################....#.
#.......#.................#....##
#.......#........©........#....#.
#.......#..#############..#....##
#.......#..#..$"!Z!(Z..#..#....#.


You could see 5 centaur warriors.

Vanquished Creatures
  Mara (Vaults:2)
  Nikola (Spider:3)
  Jorgrun (Spider:3)
  Frances (Spider:1)
  Roxanne (Spider:3)
  2 frost giants (IceCv)
  6 vault wardens
  6 emperor scorpions (Spider:4)
  3 ghost moths
  8 ironbound preservers
  A stone giant (D:15)
  A war gargoyle (Vaults:1)
  2 ironbound thunderhulks (Vaults:2)
  Azrael (D:14)
  Nessos (Lair:6)
  2 entropy weavers (Spider:1)
  A deep elf demonologist (Vaults:2)
  2 spark wasps (Spider:3)
  A dire elephant (Lair:6)
  A white draconian (IceCv)
  Josephine (Spider:1)
  An ettin (Vaults:1)
  4 yaktaur captains
  2 great orbs of eyes
  3 vault guards
  9 hydras
  An ogre mage (D:15)
  9 boulder beetles
  The ghost of BlueGoblin the Basher, a novice TrFi of Jiyva (Lair:1)
  An anaconda (Lair:6)
  5 ironbound frosthearts
  A peacekeeper (Vaults:2)
  3 catoblepae
  14 centaur warriors
  2 dancing weapons (D:14)
  3 two-headed ogres (D:15)
  A deep troll shaman (Lair:6)
  4 tengu warriors
  A death knight (D:13)
  6 death yaks
  2 skeletal warriors (Volcano)
  8 deep trolls
  An orange crystal statue (IceCv)
  2 anaconda skeletons (Volcano)
  A glowing orange brain (Vaults:1)
  3 wizards
  A phantasmal warrior (Vaults:2)
  12 lindwurms
  Pikel (D:5)
  8 ironbound convokers
  9 orc knights (Orc:2)
  A harpy (Vaults:2)
  A necromancer (Vaults:2)
  44 ugly things
  2 deep elf pyromancers
  33 wolf spiders
  25 orb spiders
  3 cyclopes
  37 slime creatures
  5 manticores
  9 elephants (Lair:6)
  A spectral centaur (D:11)
  5 moths of wrath
  7 vault sentinels
  4 black mambas (Lair:6)
  Maurice (D:9)
  Maggie (D:6)
  10 gargoyles
  12 cane toads
  A torpor snail (Spider:2)
  2 centaur skeletons (D:11)
  A freezing wraith (D:14)
  18 rime drakes
  2 unseen horrors (D:12)
  2 kobold demonologists
  13 demonic crawlers
  An efreet (D:14)
  2 anaconda simulacra (Spider:4)
  10 yaktaurs (Vaults:1)
  2 guardian mummies (D:10)
  14 komodo dragons
  An entropy weaver simulacrum (Spider:4)
  42 jumping spiders
  8 trolls
  21 polar bears
  A meliai (shapeshifter) (D:15)
  5 hornets
  5 blink frogs
  7 dream sheep (Lair:6)
  A meliai zombie (D:11)
  A shadow (D:12)
  2 flying skulls (Volcano)
  25 tarantellas
  Sigmund (D:4)
  91 redbacks
  A dire elephant simulacrum (Spider:4)
  52 yaks
  A water elemental (D:14)
  2 alligator skeletons (Volcano)
  5 wyverns
  4 wraiths
  4 basilisks
  A steam dragon (D:8)
  3 fire elementals (D:14)
  A minotaur simulacrum (Spider:4)
  4 wargs
  4 vampire mosquitoes
  3 acid dragons (D:12)
  2 harpy simulacra (Spider:4)
  Edmund (D:4)
  Duvessa (D:4)
  A hell hound (D:14)
  17 water moccasins
  35 orc warriors
  2 sky beasts (D:6)
  A black bear (Lair:6)
  An ice beast (D:8)
  4 ogres
  9 centaurs
  8 wolves
  4 boggarts (Vaults:1)
  A lemure (D:5)
  A kobold brigand (D:9)
  2 phantoms (D:5)
  Blork the orc (D:4)
  18 bullfrogs
  A gnoll sergeant (D:9)
  A deep troll simulacrum (Spider:4)
  3 scorpions (D:10)
  Dowan (D:4)
  A water moccasin skeleton (D:5)
  8 killer bees
  2 spriggan skeletons (Volcano)
  16 wights
  5 electric eels
  7 howler monkeys
  3 troll skeletons (Volcano)
  2 bullfrog zombies
  4 centaur zombies
  3 bullfrog skeletons (D:5)
  3 hounds (D:5)
  17 orc priests
  2 gnoll shamans
  5 hell rats (Lair:1)
  Natasha (thrice) (D:4 D:3)
  2 iguanas
  16 orc wizards
  2 naga skeletons (Volcano)
  2 hound skeletons (D:4)
  3 howler monkey zombies
  19 gnolls
  8 adders
  A shadow imp (D:6)
  3 white imps
  2 worms
  3 dart slugs
  93 orcs
  3 endoplasms
  4 giant cockroaches
  3 goblins
  4 hobgoblins
  4 jackals (D:3)
  10 kobolds
  2 quokkas
  7 ball pythons
  2 bats
  3 frilled lizards
  5 rats
  A bush (Lair:5)
1126 creatures vanquished.

Vanquished Creatures (others)
  A wolf spider (Spider:4)
  A jumping spider (Spider:3)
  A tarantella (Spider:4)
  A redback (Spider:3)
  13 fungi
  29 plants
46 creatures vanquished.

Grand Total: 1172 creatures vanquished

Notes
Turn   | Place    | Note
-------+----------+-------------------------------------------
     0 | D:1      | Htamos the Troll Monk began the quest for the Orb.
     0 | D:1      | Reached XP level 1. HP: 22/22 MP: 0/0
   119 | D:1      | Reached XP level 2. HP: 29/29 MP: 1/1
   505 | D:2      | Reached XP level 3. HP: 37/37 MP: 2/2
   662 | D:2      | Found a runed translucent door.
   663 | D:2      | Noticed Crazy Yiuf
   918 | D:2      | Found a faded altar of an unknown god.
  1587 | D:3      | Reached skill level 4 in Unarmed Combat
  1610 | D:3      | Reached XP level 4. HP: 44/45 MP: 3/3
  1820 | D:3      | Found a shimmering blue altar of Sif Muna.
  2139 | D:4      | Noticed Sigmund
  2167 | D:3      | Reached XP level 5. HP: 45/54 MP: 4/4
  2313 | D:4      | Killed Sigmund
  2313 | D:4      | Noticed Natasha
  2314 | D:4      | Reached skill level 5 in Unarmed Combat
  2314 | D:4      | Reached XP level 6. HP: 58/63 MP: 5/5
  2315 | D:4      | Killed Natasha
  2387 | D:4      | Noticed Duvessa
  2391 | D:4      | Killed Duvessa
  2392 | D:4      | Noticed Dowan
  2401 | D:4      | Killed Dowan
  2402 | D:4      | Reached skill level 5 in Fighting
  2402 | D:4      | Reached skill level 6 in Unarmed Combat
  2402 | D:4      | Reached XP level 7. HP: 49/72 MP: 6/6
  2513 | D:4      | Noticed Natasha
  2573 | D:3      | Killed Natasha
  2606 | D:3      | Noticed Natasha
  2613 | D:3      | Killed Natasha
  2727 | D:4      | Found an ancient bone altar of Kikubaaqudgha.
  2783 | D:4      | Noticed Edmund
  2802 | D:4      | Killed Edmund
  2899 | D:4      | Identified the +7 short sword "Haloca" {freeze, *Rage Str+4
                  | Int+4}
  2911 | D:4      | Noticed Blork the orc
  2918 | D:4      | Killed Blork the orc
  3112 | D:5      | Entered Level 5 of the Dungeon
  3121 | D:5      | Noticed Pikel
  3153 | D:5      | Killed Pikel
  3154 | D:5      | Reached skill level 7 in Unarmed Combat
  3154 | D:5      | Reached XP level 8. HP: 62/84 MP: 7/7
  3409 | D:5      | Reached skill level 8 in Unarmed Combat
  4166 | D:6      | Reached XP level 9. HP: 75/93 MP: 8/8
  4203 | D:6      | Identified the ring of Yganoap {Str+6 Int+3}
  4217 | D:6      | Reached skill level 9 in Unarmed Combat
  4423 | D:6      | Noticed Maggie
  4506 | D:6      | Killed Maggie
  5068 | D:7      | Found a staircase to the Ecumenical Temple.
  5107 | Temple   | Entered the Ecumenical Temple
  5541 | Temple   | Became a worshipper of Warmaster Okawaru
  5541 | Temple   | Reached * piety under Okawaru
  5541 | Temple   | Reached ** piety under Okawaru
  5657 | D:7      | Reached skill level 10 in Unarmed Combat
  6399 | D:8      | Noticed a deep elf pyromancer
  6402 | D:8      | Reached XP level 10. HP: 99/106 MP: 7/9
  6417 | D:8      | Killed a deep elf pyromancer
  6418 | D:8      | Reached skill level 11 in Unarmed Combat
  6427 | D:8      | Noticed a gargoyle
  6434 | D:8      | Killed a gargoyle
  6434 | D:8      | Reached *** piety under Okawaru
  6441 | D:8      | Noticed a four-headed hydra
  6918 | D:8      | Identified the ring of the Castellan {Fly Str+2}
  7235 | D:8      | Killed a one-headed hydra
  7236 | D:8      | Reached skill level 12 in Unarmed Combat
  8069 | D:9      | Noticed a manticore
  8085 | D:9      | Killed a manticore
  8176 | D:9      | Noticed Maurice
  8187 | D:9      | Killed Maurice
  8187 | D:9      | Reached **** piety under Okawaru
  8237 | D:9      | Noticed a manticore
  8248 | D:9      | Killed a manticore
  8671 | D:10     | Entered Level 10 of the Dungeon
  8688 | D:10     | Reached skill level 13 in Unarmed Combat
  8693 | D:10     | Reached XP level 11. HP: 108/117 MP: 10/10
  8722 | D:9      | Reached skill level 10 in Fighting
  8794 | D:10     | Found a transporter.
  8849 | D:10     | Reached ***** piety under Okawaru
  9033 | D:10     | Found a transporter.
  9173 | D:10     | Found a viscous altar of Jiyva.
  9244 | D:10     | Found a staircase to the Lair.
  9272 | D:10     | Found a portal to a secret trove of treasure.
  9694 | D:11     | Noticed a five-headed hydra
  9821 | D:11     | Killed a one-headed hydra
  9822 | D:11     | Reached skill level 14 in Unarmed Combat
 10022 | D:11     | Received a gift from Okawaru
 10349 | D:12     | Noticed a white ugly thing
 10385 | Lair:1   | Entered Level 1 of the Lair of Beasts
 10426 | Lair:1   | Reached skill level 15 in Unarmed Combat
 10638 | Lair:1   | Found a runed translucent door.
 10639 | Lair:1   | Noticed BlueGoblin's ghost (novice TrFi)
 10671 | Lair:1   | Killed BlueGoblin's ghost
 10671 | Lair:1   | Reached ****** piety under Okawaru
 10672 | Lair:1   | Reached XP level 12. HP: 122/130 MP: 9/11
 10961 | Lair:1   | Found a dark tunnel.
 11035 | Volcano  | Entered a volcano
 11265 | Volcano  | Reached skill level 16 in Unarmed Combat
 11270 | Volcano  | Gained mutation: You are clumsy. (Dex -2) [potion of
                  | mutation]
 11270 | Volcano  | Gained mutation: You possess an exceptional clarity of
                  | mind. [potion of mutation]
 11345 | Volcano  | Received a gift from Okawaru
 11538 | Volcano  | Identified the +6 scale mail of Wydghoff {*Slow Regen+
                  | rCorr Str+3}
 11873 | Lair:2   | Noticed an eight-headed hydra
 12053 | Lair:1   | Killed a one-headed hydra
 12132 | Lair:2   | Lost mutation: You possess an exceptional clarity of mind.
                  | [potion of mutation]
 12132 | Lair:2   | Lost mutation: You are clumsy. (Dex -2) [potion of
                  | mutation]
 12132 | Lair:2   | Gained mutation: Your system is resistant to poisons.
                  | (rPois) [potion of mutation]
 12132 | Lair:2   | Gained mutation: You are robust. (+10% HP) [potion of
                  | mutation]
 12181 | Lair:2   | Reached skill level 17 in Unarmed Combat
 12268 | Lair:2   | Received a gift from Okawaru
 12416 | Lair:2   | Received a gift from Okawaru
 12502 | Lair:2   | Reached XP level 13. HP: 154/154 MP: 12/12
 12558 | Lair:2   | Found a hole to the Spider Nest.
 12648 | Lair:2   | Learned a level 2 spell: Passwall
 13013 | Lair:2   | Found a staircase to the Swamp.
 13797 | Lair:3   | You fall into a shaft and drop 2 floors!
 14405 | Lair:4   | Received a gift from Okawaru
 14462 | Lair:4   | Reached skill level 18 in Unarmed Combat
 14834 | Lair:4   | Identified the +6 chain mail of Xory {Str+4 Stlth+}
 14980 | Lair:5   | Received a gift from Okawaru
 15420 | Lair:5   | Received a gift from Okawaru
 15510 | Lair:5   | Found a transporter.
 15541 | Lair:5   | Found a transporter.
 15546 | Lair:5   | Noticed Vuiwum's ghost (journeyman TeSu)
 15863 | Lair:5   | Identified the ring of Rutelou {rPois Str+6 Dex+4 Slay+3}
 15874 | Lair:6   | Entered Level 6 of the Lair of Beasts
 16111 | Lair:6   | Reached skill level 19 in Unarmed Combat
 16141 | Lair:6   | Reached XP level 14. HP: 169/169 MP: 13/13
 16465 | Lair:6   | Noticed Nessos
 16468 | Lair:6   | Killed Nessos
 16469 | Lair:6   | Reached XP level 15. HP: 179/179 MP: 14/14
 16834 | Lair:6   | Received a gift from Okawaru
 16869 | Lair:6   | Identified the +3 hand crossbow of Corporal Punishment
                  | {penet, rPois rF- Dex+6}
 17140 | Lair:6   | Reached skill level 20 in Unarmed Combat
 17259 | Lair:6   | Found a viscous altar of Jiyva.
 17259 | Lair:6   | Found a staircase to the Slime Pits.
 18194 | D:12     | Found a staircase to the Orcish Mines.
 18463 | D:12     | Received a gift from Okawaru
 18960 | Orc:1    | Entered Level 1 of the Orcish Mines
 19144 | Orc:2    | Entered Level 2 of the Orcish Mines
 19182 | Orc:2    | Found a staircase to the Elven Halls.
 19408 | Orc:2    | Found Nocridu's Distillery.
 19526 | Orc:2    | Found Ozoegady's Antique Armour Emporium.
 19822 | Orc:2    | Found Kattaf's Antique Weapon Boutique.
 19822 | Orc:2    | Found Keukubeiss's Antique Armour Emporium.
 19892 | Orc:2    | Reached skill level 15 in Fighting
 19987 | Orc:2    | Bought an opal-encrusted troll leather armour for 600 gold
                  | pieces
 19987 | Orc:2    | Identified the +1 troll leather armour of Snakes and
                  | Ladders {rF+ Regen+} (You bought it in a shop on level 2 of
                  | the Orcish Mines)
 20811 | D:13     | Reached skill level 21 in Unarmed Combat
 20886 | D:13     | Found a stormy altar of Qazlal.
 21221 | D:13     | Found Goilob's Magic Scroll Shoppe.
 21755 | D:14     | Reached XP level 16. HP: 138/193 MP: 10/15
 21756 | D:14     | Found a gate to the Vaults.
 21889 | D:14     | Identified the +0 kite shield of Focus {Str+4 Dex+2}
                  | (Okawaru gifted it to you on level 14 of the Dungeon)
 21889 | D:14     | Received a gift from Okawaru
 22067 | D:14     | Reached skill level 1 in Shields
 22155 | D:14     | Noticed Azrael
 22174 | D:14     | Killed Azrael
 22684 | D:15     | Entered Level 15 of the Dungeon
 23318 | D:15     | Found a staircase to the Depths.
 23880 | Spider:1 | Entered Level 1 of the Spider Nest
 23982 | Spider:1 | Reached skill level 5 in Shields
 24035 | Spider:1 | Received a gift from Okawaru
 24161 | Spider:1 | Reached skill level 22 in Unarmed Combat
 24663 | Spider:1 | Noticed Frances
 24669 | Spider:1 | Killed Frances
 24679 | Spider:1 | Noticed Josephine
 24686 | Spider:1 | Killed Josephine
 25400 | Spider:2 | Reached XP level 17. HP: 191/201 MP: 14/16
 26491 | Spider:2 | Identified the +7 lajatang "Bacuh" {speed, *Noise rF+
                  | Str+2} (Okawaru gifted it to you on level 2 of the Spider
                  | Nest)
 26491 | Spider:2 | Received a gift from Okawaru
 26807 | Spider:3 | Identified Roxanne's Collected Works on the Rocks
 26807 | Spider:3 | Noticed Roxanne
 27257 | Spider:3 | Noticed Dilecao's ghost (adept GrCj)
 27266 | Spider:3 | Found a transporter.
 27356 | Spider:3 | Noticed Jorgrun
 27376 | Spider:3 | Killed Jorgrun
 28117 | Spider:3 | Noticed Nikola
 28139 | Spider:3 | Killed Nikola
 28139 | Spider:3 | Received a gift from Okawaru
 28193 | Spider:3 | Found a transporter.
 28668 | Spider:3 | Killed Roxanne
 28689 | Spider:4 | Entered Level 4 of the Spider Nest
 28808 | Spider:4 | Found a frozen archway.
 28823 | Spider:4 | Reached skill level 1 in Invocations
 28839 | Spider:4 | Reached skill level 1 in Armour
 28945 | IceCv    | Entered an ice cave
 29059 | IceCv    | Received a gift from Okawaru
 29204 | IceCv    | Received a gift from Okawaru
 29367 | IceCv    | Reached XP level 18. HP: 203/217 MP: 16/18
 29735 | Spider:4 | Reached skill level 10 in Shields
 30301 | Spider:4 | Got a gossamer rune of Zot
 30760 | Vaults:1 | Entered Level 1 of the Vaults
 31017 | Vaults:1 | Reached skill level 5 in Armour
 31158 | Vaults:1 | Received a gift from Okawaru
 31842 | Vaults:1 | Received a gift from Okawaru
 32794 | Vaults:2 | Noticed a Hell Sentinel
 32854 | Vaults:2 | Noticed a Tzitzimitl
 32863 | Vaults:2 | Received a gift from Okawaru
 33037 | Vaults:2 | Noticed Mara
 33040 | Vaults:2 | Noticed Htamos's illusion
 33167 | Vaults:2 | Noticed a lich
 33167 | Vaults:2 | Noticed an ancient lich
 33168 | Vaults:2 | Found a transporter.
 33168 | Vaults:2 | Noticed Beasu's ghost (veteran KoDe)
 33219 | Vaults:2 | Found a transporter.
 33254 | Vaults:2 | Reached XP level 19. HP: 211/229 MP: 17/19
 33431 | Vaults:2 | Noticed Htamos's illusion
 33579 | Vaults:2 | Killed Mara
 33634 | Vaults:2 | HP: 3/229 [centaur warrior/arrow (9)]
 33635 | Vaults:2 | Shot with an arrow by a centaur warrior

Illustrated notes

Levels and vault maps discovered:
D:1:      dpeg_arrival_tiny_h, layout_basic
D:2:      layout_loops_corners, hellmonk_ecumenical_altar_leap_of_faith,
          serial_glass, glass_columns_c, glass_columns_a, roderic_lattice_a,
          uniq_crazy_yiuf_cottage
D:3:      layout_basic, mainiacjoe_overflow_catwalk
D:4:      layout_basic, nicolae_kikubaaqudgha_miasma_corner, uniq_duvessa,
          uniq_natasha, uniq_edmund, uniq_blork_the_orc, uniq_sigmund
D:5:      kennysheep_spiral_hall, layout_loops_cross, serial_bayou,
          serial_bayou_crossing, serial_bayou_lake_a, serial_bayou_ford_a,
          serial_bayou_pond_d, serial_bayou_pond_e, minivault_1,
          chequers_arboretum, uniq_pikel
D:6:      nicolae_cairo_tiling_very_big, layout_basic, minivault_10, uniq_maggie
D:7:      layout_basic, minmay_temple_entry_waves
D:8:      layout_basic, minmay_pinched_square
D:9:      layout_long_grid, uniq_maurice
D:10:     gammafunk_jiyva_shrine, layout_cave_pools,
          grunt_lair_entry_orc_guard_hut, nicolae_trove_entry_path_of_doom
D:11:     layout_irregular_city, hangedman_weighted_door, minmay_puff
D:12:     layout_stronghold, orc_0_dummy
D:13:     layout_irregular_city, serial_shops, shop,
          nicolae_qazlal_eye_of_the_storm
D:14:     layout_basic, erik_vaults_1, serial_bayou_shore_a, uniq_azrael
D:15:     grunt_enter_depths_snipers, layout_gridville
Temple:   mainiacjoe_temple_big_plus
Lair:1:   layout_loops_ring, enter_volcano_4, ebering_ghost_inner_flame,
          lemuel_fruit_fields, infiniplex_staircase_pool_2
Lair:2:   layout_loops_ring, minmay_swamp_entry_worms,
          nicolae_spider_entry_orb_guardian
Lair:3:   layout_roguey
Lair:4:   layout_roguey, grunt_megastairs_1, lemuel_fruit_tree
Lair:5:   layout_regular_city, gammafunk_ghost_abyssal_escape,
          grunt_megastairs_2
Lair:6:   grunt_lair_end_beastmaster, layout_regular_city,
          dpeg_slime_entry_enclosed_altar, minivault_24,
          minmay_shattered_shrine, lemuel_fruit_fields, serial_bayou_shore_b,
          infiniplex_staircase_pool, uniq_nessos
Spider:1: layout_spider_delve, uniq_josephine, uniq_frances
Spider:2: nicolae_spider_hilbert_zone_1 [nicolae_spider_hilbert_4_sides_1_open,
          nicolae_spider_hilbert_4_sides_1_open,
          nicolae_spider_hilbert_4_sides_1_open,
          nicolae_spider_hilbert_4_sides_1_open,
          nicolae_spider_hilbert_3_sides_1_open,
          nicolae_spider_hilbert_3_sides_1_open,
          nicolae_spider_hilbert_3_sides_1_open,
          nicolae_spider_hilbert_3_sides_1_open,
          nicolae_spider_hilbert_3_sides_1_open,
          nicolae_spider_hilbert_6_sides_1_open,
          nicolae_spider_hilbert_6_sides_1_open,
          nicolae_spider_hilbert_3_sides_1_open,
          nicolae_spider_hilbert_3_sides_1_open,
          nicolae_spider_hilbert_3_sides_1_open,
          nicolae_spider_hilbert_3_sides_1_open,
          nicolae_spider_hilbert_2_sides_1_open]
Spider:3: layout_chambers, gammafunk_ghost_berserking_beasts,
          hangedman_spider_tarantella_strand, uniq_nikola, uniq_roxanne,
          uniq_jorgrun
Spider:4: grunt_spider_rune_circles, portal_ice_cave_entry_ice_simulacra
Orc:1:    layout_diamond_mine
Orc:2:    st_orc_town, layout_caves
Vaults:1: v_misc_5, v_alt_pattern_2, ontoclasm_vaults_twist,
          vaults_dpeg_diagonal, v_alt_pattern_3, nicolae_vaults_network_s,
          vaults_standard_mumra_x, nicolae_vaults_rhombus_6,
          ontoclasm_vaults_gallery, layout_vaults_omnigrid
Vaults:2: gammafunk_ghost_mausoleum, nicolae_vaults_asterisk, vaults_room_pools,
          v_misc_28, st_lattice, v_rooms_1,
          vaults_standard_mumra_enter_the_diamond, v_misc_32,
          nicolae_vaults_angled_halls, v_pattern_3,
          ontoclasm_vaults_loading_screen, ontoclasm_vaults_ring_square,
          layout_vaults_big_room, uniq_mara

Skill      XL: |  1  2  3  4  5  6  7  8  9 10 11 12 13 14 15 16 17 18 19 |
---------------+----------------------------------------------------------+-----
Fighting       | 3 4 5 6 7 8 9 11 12 13 14 15 16 17 | 17.4
Unarmed Combat | 4 5 6 7 8 10 13 15 17 19 21 22 | 22.8
Shields        | 6 9 11 12 | 12.1
Invocations    | 2 |  2.4
Armour         | 3 7 8 |  8.1
Dodging        | |  2.4
Stealth        | |  1.0

Action                   |  1- 3 |  4- 6 |  7- 9 | 10-12 | 13-15 | 16-18 | 19-21 || total
-------------------------+-------+-------+-------+-------+-------+-------+-------++-------
Melee: Unarmed           |   116 |   105 |   339 |   469 |   736 |  1278 |    76 ||  3119
       Punch             |     2 |     1 |    13 |    41 |   107 |     8 |       ||   172
       Long sword        |       |       |       |    23 |    39 |     4 |       ||    66
Invok: Heroism           |       |       |       |       |     2 |     3 |       ||     5
       Finesse           |       |       |       |       |     1 |     1 |       ||     2
Evoke: Wand              |       |     9 |       |     1 |    15 |    19 |       ||    44
  Use: Potion            |       |       |     4 |     6 |     7 |    13 |     6 ||    36
       Scroll            |       |       |       |    14 |     9 |    12 |     4 ||    39
 Stab: Sleeping          |     5 |     1 |     4 |     2 |     2 |     3 |       ||    17
       Invisible         |       |       |     1 |     3 |     1 |       |       ||     5
       Distracted        |       |       |       |       |       |     4 |       ||     4
       Paralysed         |       |       |       |       |       |     2 |       ||     2
       Held in net/web   |       |       |       |       |       |     1 |       ||     1
Armor: Robe              |    37 |    17 |    72 |       |       |       |       ||   126
       Swamp dragon scal |       |       |    38 |    79 |   162 |       |       ||   279
       Troll leather arm |       |       |       |    92 |    45 |   220 |       ||   357
       Storm dragon scal |       |       |       |       |       |    31 |    24 ||    55
Dodge: Dodged            |    59 |    39 |   100 |   220 |   256 |   345 |    23 ||  1042
Block: Kite shield       |       |       |       |       |       |   589 |    66 ||   655

Table legend: (Time is in decaauts)
 A = Elapsed time spent in this place.
 B = Non-inter-level travel time spent in this place.
 C = Inter-level travel time spent in this place.
 D = Time resting spent in this place.
 E = Time spent auto-exploring this place.
 F = Levels seen in this place.
 G = Mean time per level.
                   A        B        C        D        E       F      G
               +--------+--------+--------+--------+--------+-----+--------+
         Total |  32807 |  30681 |   2126 |   2354 |  19843 |  32 | 1025.2 |
       Dungeon |  14422 |  13427 |    995 |    389 |   9935 |  15 |  961.5 |
        Temple |    456 |    391 |     65 |      0 |    386 |   1 |  456.0 |
          Lair |   6754 |   6394 |    360 |    246 |   4372 |   6 | 1125.7 |
   Spider Nest |   5602 |   5079 |    523 |    893 |   2496 |   4 | 1400.5 |
  Orcish Mines |   1733 |   1608 |    125 |    230 |    808 |   2 |  866.5 |
        Vaults |   2579 |   2523 |     56 |    316 |   1496 |   2 | 1289.5 |
      Ice Cave |    743 |    743 |      0 |    188 |    272 |   1 |  743.0 |
       Volcano |    515 |    515 |      0 |     92 |     76 |   1 |  515.0 |
               +--------+--------+--------+--------+--------+-----+--------+

Top non-repeatable levels by time:
Spider:2: 1906 daAuts
     D:8: 1819 daAuts
Spider:3: 1695 daAuts
Vaults:1: 1596 daAuts
  Lair:6: 1557 daAuts
   Orc:2: 1405 daAuts
Spider:1: 1279 daAuts
    D:12: 1262 daAuts
    D:14: 1245 daAuts
  Lair:2: 1243 daAuts
  Lair:1: 1241 daAuts
    D:11: 1105 daAuts
     D:5: 992 daAuts
    D:15: 989 daAuts
Vaults:2: 983 daAuts
